 Seeded DCSS version 0.29-a0-359-g541a27f54d (webtiles) character file.

Game seed: 3205184115972907668 (custom seed)

1257 NinjaNoafa the Bolt Thrower (level 8, -1/48 HPs)
             Began as a Kobold Hunter on Apr 27, 2022.
             Was an Initiate of Dithmenos.
             Splashed by a jelly's acid (6 damage)
             ... on level 5 of the Dungeon.
             The game lasted 00:07:51 (4636 turns).

NinjaNoafa the Bolt Thrower (Kobold Hunter)         Turns: 4636, Time: 00:07:52

Health: -1/48      AC:  6    Str:  8    XL:     8   Next: 81%
Magic:  23/23      EV: 18    Int: 11    God:    Dithmenos [......]
Gold:   262        SH:  0    Dex: 25    Spells: 15/15 levels left

rFire   + + .      SeeInvis .   a - +1 hand crossbow
rCold   + . .      Faith    .   (no shield)
rNeg    . . .      Spirit   .   j - +2 robe {rC+}
rPois   +          Reflect  .   (no helmet)
rElec   .          Harm     .   (no cloak)
rCorr   .          Rampage  .   (no gloves)
Will    .....                   u - +1 pair of boots
Stlth   +++++.....              (no amulet)
HPRegen 0.16/turn               k - ring of protection from fire
MPRegen 0.18/turn               n - ring of Guuttiufi {*Slow rPois rF+ MP+9 Dex+5}

@: about to teleport
A: small, no large weapons, nightstalker 3
a: Renounce Religion


You were on level 5 of the Dungeon.
You worshipped Dithmenos.
Dithmenos was noncommittal.
You visited 1 branch of the dungeon, and saw 5 of its levels.

You collected 262 gold pieces.

Inventory:

Hand Weapons
 a - a +1 hand crossbow (weapon)
 r - the +5 hand axe of Woutax {drain, *Corrode +Blink rF++}
   (You found it on level 3 of the Dungeon)

   A truly terrible weapon, it drains the life of any living foe it strikes.
   rF:        It greatly protects you from fire.
   +Blink:    It lets you blink.
   *Corrode:  It may corrode you when you take damage.
 v - a +3 short sword of venom
Missiles
 e - 6 curare-tipped darts
 q - 2 datura-tipped darts
 s - 4 poisoned darts
Armour
 j - a +2 robe of cold resistance (worn)
 u - a +1 pair of boots (worn)
Jewellery
 k - a ring of protection from fire (left hand)
 n - the ring of Guuttiufi (right hand) {*Slow rPois rF+ MP+9 Dex+5}
   (You found it on level 2 of the Dungeon)

   [ring of magical power]

   Dex:       It affects your dexterity (+5).
   rF:        It protects you from fire.
   rPois:     It protects you from poison.
   MP:        It affects your magic capacity (+9).
   *Slow:     It may slow you when you take damage.
Wands
 m - a wand of flame (22)
 z - a wand of iceblast (5)
Scrolls
 c - a scroll of immolation
 d - 2 scrolls of fog
 l - a scroll of brand weapon
 p - a scroll of enchant armour
 y - a scroll of teleportation
Potions
 g - a potion of might
 h - a potion of brilliance
 o - a potion of attraction
 x - a potion of flight


   Skills:
 - Level 3.9 Fighting
 - Level 2.8 Short Blades
 - Level 6.6 Crossbows
 - Level 4.3 Dodging
 + Level 5.8 Stealth
 * Level 4.1 Spellcasting
 * Level 4.1 Hexes
 + Level 3.7 Evocations


You had 15 spell levels left.
You didn't know any spells.
Your spell library contained the following spells:

 Spells                   Type           Power      Damage    Failure   Level
 Slow                     Hex            44%        N/A       4%          1
 Confusing Touch          Hex            11%        N/A       13%         3
 Sandblast                Erth           4%         2d4       24%         1
 Passwall                 Tmut/Erth      1%         N/A       34%         2
 Stone Arrow              Conj/Erth      4%         3d7       56%         3
 Vampiric Draining        Necr           2%         2d6       56%         3


Dungeon Overview and Level Annotations

Branches:
Dungeon (5/15)
 Temple: D:4-7

Altars:
Dithmenos
Xom


Innate Abilities, Weirdness & Mutations

You are small and have problems with some larger weapons.
You are completely attuned to the shadows.


Message History

Aim: an orc, wielding a +0 hand axe, wearing a +0 ring mail and quivering boomerangs (73% to hit)
You shoot a bolt. The bolt closely misses the orc.
The orc priest shouts!
The bolt hits the orc priest!
The orc priest is severely wounded.
The orc priest calls down the wrath of Beogh upon you.
Beogh smites you!
* * * LOW HITPOINT WARNING * * *
The orc attacks as you move away! The orc hits you with a +0 hand axe.
* * * LOW HITPOINT WARNING * * *
The orc attacks as you move away! The orc barely misses you.
The orc throws a boomerang.
The boomerang completely misses you.
As you read the scroll labelled SARAECH DERPHUP, it crumbles to dust.
It is a scroll of identify.
d - 2 scrolls of fog
As you read the scroll of identify, it crumbles to dust.
l - a scroll of brand weapon The orc hits you with a +0 hand axe.
* * * LOW HITPOINT WARNING * * *
As you read the scroll of identify, it crumbles to dust.
p - a scroll of enchant armour The orc closely misses you.
The orc priest looks encouraged for a moment.
Okay, then.
The orc attacks as you move away! The orc barely misses you.
The orc throws a boomerang.
The boomerang completely misses you.
The orc throws a boomerang.
The boomerang completely misses you.
The orc throws a boomerang.
The boomerang barely misses you.
This is a scroll of acquirement!
Something appears at your feet! The jelly barely misses you.
As you read the scroll labelled YPNEMPUCLYOX, it crumbles to dust.
It is a scroll of enchant weapon.
Your +2 short sword of venom glows red for a moment.
The jelly hits you but does no damage.
As you read the scroll labelled DUQIPPOUTIWN, it crumbles to dust.
You feel strangely unstable.
It was a scroll of teleportation.
The jelly hits you.
* * * LOW HITPOINT WARNING * * *
You are splashed with acid.
You die...

# ..Jo ###. ....
.... .... .##.
....###### .########
#.o...#
........######.###.#
#.....#..........#.#
#.....#..#####.#J#.#
#.....#..#.....#@#.#
#.....#..#.#####o#.#
#.....#..#.....#.#.#
#.....# #..##.#.#.#
#.....# #..#..#.#.#
...... #..#..#.#.#
#..... #..#<.#.#.#
#..... #..####.#)#
#..... #.........#


You could see a jelly and an orc.

Vanquished Creatures
  Sigmund (D:2)
  Edmund (D:5)
  An orc warrior (D:5)
  2 ogres (D:5)
  2 phantoms (D:4)
  3 scorpions
  2 jellies (D:3)
  Jessica (D:2)
  2 orc wizards
  6 adders
  7 gnolls
  A worm (D:2)
  A dart slug (D:1)
  6 orcs
  5 bats
  7 endoplasms
  4 giant cockroaches
  6 goblins
  7 hobgoblins
  3 iguanas
  9 jackals
  3 quokkas
  11 ball pythons
  A frilled lizard (D:2)
  5 kobolds
  9 rats
106 creatures vanquished.

Notes
Turn   | Place    | Note
-------+----------+-------------------------------------------
     0 | D:1      | NinjaNoafa the Kobold Hunter began the quest for the Orb.
     0 | D:1      | Reached XP level 1. HP: 12/12 MP: 1/1
   157 | D:1      | Reached XP level 2. HP: 18/18 MP: 2/2
   467 | D:1      | Reached XP level 3. HP: 22/22 MP: 3/3
   779 | D:2      | Noticed Jessica
   788 | D:2      | Killed Jessica
   789 | D:2      | Reached XP level 4. HP: 24/27 MP: 4/4
  1358 | D:2      | Found a faded altar of an unknown god.
  1414 | D:2      | Identified the ring of Guuttiufi {*Slow rPois rF+ MP+9
                  | Dex+5}
  1551 | D:2      | Reached skill level 6 in Crossbows
  1553 | D:2      | Reached skill level 1 in Short Blades
  1553 | D:2      | Reached XP level 5. HP: 32/32 MP: 5/5
  1734 | D:2      | Noticed Sigmund
  1739 | D:2      | Killed Sigmund
  1740 | D:2      | Reached XP level 6. HP: 38/38 MP: 6/6
  1844 | D:2      | You fall into a shaft and drop 1 floor!
  2242 | D:3      | Identified the +5 hand axe of Woutax {drain, *Corrode
                  | +Blink rF++}
  2329 | D:3      | Reached XP level 7. HP: 42/42 MP: 7/7
  2335 | D:3      | Reached skill level 1 in Evocations
  2352 | D:3      | Found a shimmering altar of Xom.
  2576 | D:3      | Reached skill level 1 in Hexes
  2755 | D:4      | Reached skill level 1 in Spellcasting
  3175 | D:4      | Reached XP level 8. HP: 44/48 MP: 11/11
  3392 | D:4      | Found a shadowy altar of Dithmenos.
  3402 | D:4      | Became a worshipper of Dithmenos the Shadowed
  3689 | D:5      | Entered Level 5 of the Dungeon
  3947 | D:5      | Reached skill level 5 in Stealth
  3947 | D:5      | Noticed Edmund
  3974 | D:5      | Killed Edmund
  4634 | D:5      | Identified a scroll of acquirement
  4634 | D:5      | Acquired a +3 vorpal arbalest
  4636 | D:5      | Splashed by a jelly's acid

Illustrated notes

Levels and vault maps discovered:
D:1:      eino_arrival_cavern_e, layout_basic
D:2:      layout_loops_cross, shapermc_ecumenical_altar_acropolis, minmay_puff,
          uniq_sigmund, uniq_jessica
D:3:      layout_loops_ring, dk_xom_monty_hall, nrook_mini_vaults
D:4:      layout_loops_ring, mainiacjoe_overflow_small_starburst
D:5:      nicolae_cairo_tiling_large_dashed, layout_basic,
          kennysheep_decorative_pillar, uniq_edmund

Skill      XL: |  1  2  3  4  5  6  7  8 |
---------------+-------------------------+-----
Stealth        | 2 3 4 5 |  5.8
Dodging        | 3 4 |  4.3
Fighting       | 3 |  3.9
Crossbows      | 6 |  6.6
Short Blades   | 1 2 |  2.8
Evocations     | 2 3 |  3.7
Hexes          | 2 4 |  4.1
Spellcasting   | 2 4 |  4.1

Action                   |  1- 3 |  4- 6 |  7- 9 || total
-------------------------+-------+-------+-------++-------
Melee: Dagger            |       |    17 |       ||    17
       Punch             |       |     1 |     1 ||     2
       Short sword       |       |       |    52 ||    52
       Hand axe          |       |       |    37 ||    37
 Fire: Hand crossbow     |    52 |   100 |    67 ||   219
  Use: Potion            |       |     6 |     4 ||    10
       Scroll            |       |       |     6 ||     6
 Stab: Sleeping          |       |       |     5 ||     5
Armor: Leather armour    |     4 |       |       ||     4
       Robe              |       |    10 |    29 ||    39
       Skin              |       |     6 |       ||     6
Dodge: Dodged            |    12 |    71 |   144 ||   227

Table legend: (Time is in decaauts)
 A = Elapsed time spent in this place.
 B = Non-inter-level travel time spent in this place.
 C = Inter-level travel time spent in this place.
 D = Time resting spent in this place.
 E = Time spent auto-exploring this place.
 F = Levels seen in this place.
 G = Mean time per level.
                   A        B        C        D        E       F      G
               +--------+--------+--------+--------+--------+-----+--------+
         Total |   4689 |   4520 |    169 |      0 |   3709 |   5 |  937.8 |
       Dungeon |   4689 |   4520 |    169 |      0 |   3709 |   5 |  937.8 |
               +--------+--------+--------+--------+--------+-----+--------+

Top non-repeatable levels by time:
     D:2: 1080 daAuts
     D:4: 966 daAuts
     D:5: 958 daAuts
     D:3: 893 daAuts
     D:1: 790 daAuts
